 Dungeon Crawl Stone Soup version 0.24-a0-170-gd8427f5 (console) character file.

Game seed: 12166192699092430323

47653 Duffy the Thaumaturge (level 14, -1/88 HPs)
             Began as a Deep Elf Fire Elementalist on Mar 10, 2019.
             Was a High Priest of Vehumet.
             Slain by a troll (4 damage)
             ... led by an orc high priest
             ... on level 1 of the Orcish Mines.
             The game lasted 00:32:44 (28432 turns).

Duffy the Thaumaturge (Deep Elf Fire Elementalist) Turns: 28432, Time: 00:32:44

Health: -1/88      AC:  8    Str:  5    XL:     14   Next: 9%
Magic:  41/41      EV: 18    Int: 31    God:    Vehumet [*****.]
Gold:   970        SH:  5    Dex: 15    Spells: 8/37 levels left

rFire    . . .     SeeInvis .   S - +8 falchion {flame, MP+9}
rCold    . . .     Gourm    .   C - +0 buckler
rNeg     + . .     Faith    .   F - +2 leather armour {rN+}
rPois    .         Spirit   .   y - +2 helmet
rElec    .         Reflect  .   J - scarf {repulsion}
rCorr    .         Harm     .   (no gloves)
MR       ++...                  (no boots)
Stlth    ++........             (no amulet)
HPRegen  0.24/turn              A - ring of protection from magic
MPRegen  0.27/turn              B - +5 ring of intelligence

@: about to teleport, studying Polearms, repel missiles
A: no striking features
a: Renounce Religion


You were on level 1 of the Orcish Mines.
You worshipped Vehumet.
Vehumet was extremely pleased with you.
You were not hungry.

You visited 4 branches of the dungeon, and saw 20 of its levels.

You collected 1168 gold pieces.
You spent 198 gold pieces at shops.

Inventory:

Hand Weapons
 L - a +0 blowgun
 S - the +8 falchion of the Solstice (weapon) {flame, MP+9}
   (You found it on level 2 of the Lair of Beasts)

   It has been specially enchanted to burn those struck by it, causing extra
   injury to most foes and up to half again as much damage against particularly
   susceptible opponents.
   Big, fiery blades are also staple armaments of hydra-hunters.
   It affects your magic capacity (+9).
Missiles
 i - 4 throwing nets (quivered)
 K - 13 curare-tipped needles
Armour
 y - a +2 helmet (worn)
 C - a +0 buckler (worn)
 F - a +2 leather armour of positive energy (worn)
 J - a scarf of repulsion (worn)
Magical Staves
 V - an uncursed staff of wizardry {!a}
Jewellery
 q - an uncursed ring of see invisible
 v - an uncursed ring of positive energy
 A - a ring of protection from magic (left hand)
 B - a +5 ring of intelligence (right hand)
 T - an uncursed ring of protection from cold
Wands
 o - a wand of digging (2)
 z - a wand of flame (16)
 E - a wand of acid (47)
 M - a wand of disintegration (17)
 R - a wand of polymorph (8)
Scrolls
 d - 4 scrolls of enchant armour {unknown}
 e - 3 scrolls of blinking {unknown}
 f - 7 scrolls of enchant weapon {unknown}
 g - 5 scrolls of amnesia {unknown}
 h - 4 scrolls of fog {unknown}
 k - 6 scrolls of immolation {unknown}
 m - 9 scrolls of teleportation
 p - 12 scrolls of remove curse
 s - a scroll of silence {unknown}
 w - a scroll of random uselessness {unknown}
 I - 4 scrolls of fear {unknown}
 W - a scroll of magic mapping {unknown}
Potions
 b - 2 potions of resistance
 n - 5 potions of curing
 t - 3 potions of haste
 u - 4 potions of flight
 x - a potion of mutation {unknown}
 D - 2 potions of agility {unknown}
 G - 2 potions of heal wounds
 N - 2 potions of lignification
 O - 2 potions of magic
 Q - 2 potions of ambrosia
 X - a potion of cancellation {unknown}
 Y - a potion of brilliance
Books
 H - a manual of Polearms
Miscellaneous
 U - a phial of floods
Comestibles
 a - 2 chunks of flesh
 c - 35 rations


   Skills:
 - Level 10.0 Fighting
 - Level 11.0 Dodging
 - Level 2.4 Stealth
 - Level 4.0 Shields
 + Level 12.4 Spellcasting
 + Level 10.8 Conjurations
 - Level 5.0 Charms
 - Level 5.0 Necromancy
 + Level 10.8 Fire Magic
 - Level 3.0 Air Magic
 + Level 1.0 Earth Magic
 - Level 3.0 Poison Magic
 - Level 8.0 Evocations


You had 8 spell levels left.
You knew the following spells:

 Your Spells              Type           Power        Failure   Level  Hunger
a - Flame Tongue          Conj/Fire      #####        1%          1    None
h - Iskenderun's Mystic   Conj           ######..     1%          4    None
j - Sticky Flame          Conj/Fire      ######..     1%          4    None
k - Fireball              Conj/Fire      ######....   1%          5    #......
l - Conjure Flame         Conj/Fire      ######..     1%          3    None
o - Mephitic Cloud        Conj/Pois/Air  ######..     1%          3    None
u - Iron Shot             Conj/Erth      ######....   16%         6    ####...
y - Regeneration          Chrm/Necr      ######....   1%          3    None

Your spell library contained the following spells:

 Spells                   Type           Power        Failure   Level  Hunger
 Animate Skeleton         Necr           N/A          1%          1    None
 Pain                     Necr           ####         1%          1    None
 Throw Flame              Conj/Fire      ######       1%          2    None
 Inner Flame              Hex/Fire       ######..     1%          3    None
 Vampiric Draining        Necr           ######....   1%          3    None
 Beastly Appendage        Tmut           ###...       4%          1    None
 Animate Dead             Necr           N/A          5%          4    None
 Sticks to Snakes         Tmut           ###.....     6%          2    None
 Spider Form              Tmut/Pois      ####......   7%          3    None
 Ice Form                 Ice/Tmut       ###.....     38%         4    None
 Blade Hands              Tmut           ###.......   75%         5    #......


Dungeon Overview and Level Annotations

Branches:
Dungeon (11/15)            Temple (1/1) D:6            Lair (6/6) D:8
  Swamp (0/4) Lair:4       Spider (0/4) Lair:2        Slime (0/5) Lair:5
    Orc (2/2) D:11
    Elf: Orc:2

Altars:
Ashenzari
Cheibriados
Dithmenos
Elyvilon
Fedhas
Gozag
Hepliaklqana
Kikubaaqudgha
Makhleb
Nemelex Xobeh
Okawaru
Qazlal
Trog
Uskayaw
Vehumet
Wu Jian
Xom
Yredelemnul
Zin
The Shining One
Beogh
Jiyva

Shops:
Orc:1 !


Message History

You burn the troll.
The troll is heavily wounded.
The troll misses you. The troll claws you! The orc misses you.
The orc priest completely misses you.
You riposte.
You hit the orc priest. You burn the orc priest.
The orc priest is heavily wounded.
The orc warrior closely misses you.
You riposte.
You hit the orc warrior. You burn the orc warrior.
The orc warrior is lightly wounded.
The orc warrior hits you with a +0 dire flail!
The orc barely misses you.
You riposte.
Your leather armour prevents you from hitting the orc.
You climb upwards.
There is a stone staircase leading down here.
Okay, then.
As you read the scroll of teleportation, it crumbles to dust.
You feel strangely unstable. The troll bites you but does no damage.
The troll barely misses you. The troll misses you. You block the orc's attack.
The troll bites you! The troll claws you.
You die...

##.##....##..........##
#.........##........##
##.................##
#.................###
##................#.##
#....#...............#
##..###.#.........#.#######
#####.......oT#o#.#..#.#.##
##..##.......o@o...........#
#.......#..[.oTT........#.##
##..#...#...............###
###.....................#
##..................##..##
#..........[.......[....####
##.###....).).[.........##.##
#####....#)#)[.............##
##....#.[<#..#.##......^..#


You could see 3 trolls, 2 orc warriors, an orc priest and 2 orcs.

Vanquished Creatures
  A fire dragon (Lair:6)
  4 hydras (Lair:6)
  3 two-headed ogres
  Sonja (Lair:3)
  An unseen horror (D:11)
  A lindwurm (Lair:6)
  3 oklob plants
  2 cyclopes
  A torpor snail (Lair:4)
  8 black mambas
  3 molten gargoyles (Lair:6)
  A gargoyle (D:8)
  13 spiny frogs
  A rime drake (Lair:5)
  9 komodo dragons
  A merfolk (D:9)
  2 jumping spiders (Lair:2)
  4 slime creatures
  Prince Ribbit (D:7)
  4 tyrant leeches (Lair:4)
  6 blink frogs
  2 bog bodies (Lair:4)
  10 hippogriffs
  17 dream sheep (Lair:5)
  2 redbacks (Lair:2)
  26 yaks
  Eustachio (D:6)
  A vampire (D:10)
  3 wyverns
  10 basilisks
  2 steam dragons (Lair:6)
  7 vampire mosquitoes
  A warg (Orc:1)
  Edmund (D:6)
  9 swamp worms (Lair:4)
  Duvessa (D:7)
  16 water moccasins
  4 hell hounds (Lair:6)
  4 porcupines
  A sky beast (D:9)
  A hornet zombie (D:11)
  11 orc warriors
  4 ice beasts
  A necrophage (D:5)
  An eye of draining (D:9)
  6 ogres
  3 centaurs
  4 wolves (Lair:6)
  9 crocodiles
  3 big kobolds
  26 bullfrogs
  2 gnoll sergeants
  Dowan (D:7)
  A wyvern skeleton (D:7)
  A water moccasin skeleton (D:9)
  2 scorpions
  18 killer bees
  5 wights
  A howler monkey (D:6)
  An electric eel (Lair:4)
  3 crimson imps
  2 quasits
  5 lava snakes (Lair:6)
  2 centaur zombies
  12 orc priests
  2 bullfrog zombies
  12 orc wizards
  6 hounds
  4 bullfrog skeletons
  Ijyb (D:3)
  3 iguanas
  8 worker ants
  3 hound zombies
  A howler monkey zombie (D:3)
  8 gnolls
  11 adders
  2 shadow imps
  An adder skeleton (D:4)
  4 worms
  A dart slug (D:1)
  4 leopard geckos
  68 orcs
  10 bats
  5 giant cockroaches
  6 goblins
  6 hobgoblins
  18 kobolds
  5 quokkas
  A ball python (D:5)
  6 frilled lizards
  2 jackal skeletons (D:4)
  A leopard gecko skeleton (D:4)
  2 leopard gecko zombies (D:5)
  A quokka skeleton (D:4)
  A quokka zombie (D:8)
  5 rats
  4 fungi
  4 plants
529 creatures vanquished.

Vanquished Creatures (others)
  A bush (Lair:4)
  15 fungi
  11 plants
27 creatures vanquished.

Grand Total: 556 creatures vanquished

Notes
Turn   | Place    | Note
-------+----------+-------------------------------------------
     0 | D:1      | Duffy the Deep Elf Fire Elementalist began the quest for
                  | the Orb.
     0 | D:1      | Reached XP level 1. HP: 10/10 MP: 6/6
   412 | D:1      | Reached XP level 2. HP: 14/15 MP: 2/8
  1449 | D:2      | Reached XP level 3. HP: 18/19 MP: 3/9
  1454 | D:2      | Learned a level 3 spell: Conjure Flame
  1637 | D:2      | Noticed a bullfrog
  1645 | D:2      | Killed a bullfrog
  1645 | D:2      | Reached XP level 4. HP: 7/24 MP: 3/11
  2193 | D:2      | Reached skill level 4 in Spellcasting
  2492 | D:3      | Noticed Ijyb
  2510 | D:3      | Killed Ijyb
  2635 | D:3      | Reached XP level 5. HP: 28/28 MP: 11/13
  2664 | D:3      | Learned a level 4 spell: Sticky Flame
  3770 | D:3      | Learned a level 5 spell: Fireball
  3792 | D:3      | Reached XP level 6. HP: 32/32 MP: 7/15
  3875 | D:3      | Reached skill level 5 in Spellcasting
  4631 | D:4      | Reached skill level 5 in Conjurations
  4631 | D:4      | Reached skill level 5 in Fire Magic
  5399 | D:4      | Found a burning altar of Makhleb.
  5474 | D:5      | Entered Level 5 of the Dungeon
  5480 | D:5      | Reached skill level 6 in Spellcasting
  5480 | D:5      | Reached XP level 7. HP: 36/36 MP: 9/18
  5989 | D:5      | Found a shadowy altar of Dithmenos.
  5997 | D:5      | Reached skill level 1 in Evocations
  6377 | D:5      | Found an ornate altar of the Wu Jian Council.
  6425 | D:6      | Noticed Edmund
  6430 | D:6      | Noticed Eustachio
  6435 | D:6      | Killed Edmund
  6435 | D:6      | Reached skill level 1 in Fighting
  6610 | D:6      | Killed Eustachio
  6610 | D:6      | Reached XP level 8. HP: 44/44 MP: 7/19
  6955 | D:6      | Found a staircase to the Ecumenical Temple.
  6965 | Temple   | Entered the Ecumenical Temple
  7060 | Temple   | Became a worshipper of Vehumet
  7582 | D:6      | Reached skill level 5 in Dodging
  8641 | D:7      | Reached skill level 1 in Shields
  9153 | D:7      | Reached XP level 9. HP: 52/52 MP: 14/20
  9334 | D:7      | Noticed Prince Ribbit
  9341 | D:7      | Killed Prince Ribbit
  9551 | D:7      | Reached * piety under Vehumet
  9551 | D:7      | Offered knowledge of Shock by Vehumet.
  9600 | D:7      | Noticed Duvessa
  9600 | D:7      | Noticed Dowan
  9624 | D:7      | Killed Duvessa
  9625 | D:7      | Killed Dowan
  9625 | D:7      | Reached skill level 5 in Fighting
 10023 | D:8      | Noticed a cyclops
 10486 | D:8      | Noticed a two-headed ogre
 10506 | D:8      | Killed a two-headed ogre
 10614 | D:8      | Found a staircase to the Lair.
 10844 | D:8      | Noticed a gargoyle
 11575 | D:9      | Reached XP level 10. HP: 60/60 MP: 14/22
 11640 | D:9      | Reached skill level 7 in Spellcasting
 11870 | D:9      | Offered knowledge of Sting by Vehumet.
 12062 | D:9      | Reached ** piety under Vehumet
 12322 | D:9      | Noticed a two-headed ogre
 12324 | D:9      | Noticed a two-headed ogre
 12341 | D:9      | Killed a two-headed ogre
 12341 | D:9      | Reached skill level 8 in Spellcasting
 12346 | D:9      | Killed a two-headed ogre
 12346 | D:9      | Reached skill level 9 in Spellcasting
 12657 | D:9      | Found a glowing silver altar of Zin.
 12657 | D:9      | Found a white marble altar of Elyvilon.
 12657 | D:9      | Found a glowing golden altar of the Shining One.
 12753 | D:10     | Entered Level 10 of the Dungeon
 13307 | D:9      | HP: 1/60 [slime creature (14)]
 13639 | D:9      | Reached XP level 11. HP: 64/64 MP: 11/26
 13904 | D:10     | Offered knowledge of Mephitic Cloud by Vehumet.
 13909 | D:10     | Learned a level 3 spell: Mephitic Cloud
 13922 | D:10     | Reached skill level 10 in Spellcasting
 13954 | D:10     | Found an iron altar of Okawaru.
 13972 | D:10     | HP: 3/64 [orc warrior/+2 short sword of speed (15)]
 14404 | D:10     | Reached *** piety under Vehumet
 14406 | D:10     | Reached skill level 1 in Poison Magic
 14655 | D:10     | Reached skill level 1 in Air Magic
 14795 | D:10     | Found a roughly hewn altar of Beogh.
 14994 | D:10     | Offered knowledge of Iskenderun's Mystic Blast by Vehumet.
 15000 | D:10     | Learned a level 4 spell: Iskenderun's Mystic Blast
 15137 | Lair:1   | Entered Level 1 of the Lair of Beasts
 16202 | Lair:1   | Reached skill level 11 in Spellcasting
 16349 | Lair:1   | Reached **** piety under Vehumet
 16392 | Lair:1   | Offered knowledge of Olgreb's Toxic Radiance by Vehumet.
 16691 | Lair:1   | Reached skill level 10 in Conjurations
 16691 | Lair:1   | Reached skill level 10 in Fire Magic
 17406 | Lair:2   | Noticed an oklob plant
 17410 | Lair:2   | Killed an oklob plant
 17564 | Lair:2   | Noticed an oklob plant
 17568 | Lair:2   | Killed an oklob plant
 17568 | Lair:2   | Reached XP level 12. HP: 70/70 MP: 12/29
 17714 | Lair:2   | Reached skill level 12 in Spellcasting
 17996 | Lair:2   | Got a crude falchion
 17997 | Lair:2   | Identified the +8 falchion of the Solstice {flame, MP+9}
                  | (You found it on level 2 of the Lair of Beasts)
 18201 | Lair:2   | Got a slimy halberd
 18381 | Lair:2   | Found a hole to the Spider Nest.
 18645 | Lair:3   | Learned a level 3 spell: Regeneration
 18763 | Lair:3   | Noticed Sonja
 18770 | Lair:3   | Killed Sonja
 18770 | Lair:3   | Reached skill level 1 in Charms
 18770 | Lair:3   | Reached skill level 1 in Necromancy
 19969 | Lair:4   | Reached skill level 5 in Evocations
 20145 | Lair:4   | Reached skill level 5 in Charms
 21067 | Lair:4   | Found a staircase to the Swamp.
 21125 | Lair:5   | Found a staircase to the Slime Pits.
 21125 | Lair:5   | Found a viscous altar of Jiyva.
 21129 | Lair:5   | Reached skill level 5 in Necromancy
 21183 | Lair:4   | Reached ***** piety under Vehumet
 21183 | Lair:4   | Offered knowledge of Venom Bolt by Vehumet.
 21589 | Lair:5   | Reached XP level 13. HP: 76/76 MP: 13/31
 22754 | Lair:6   | Entered Level 6 of the Lair of Beasts
 23764 | Lair:6   | Reached skill level 10 in Dodging
 25474 | Lair:6   | Found a large runed translucent door.
 25537 | Lair:6   | Found a large runed translucent door.
 25546 | Lair:6   | Noticed a fire dragon
 25819 | Lair:6   | Killed a fire dragon
 26255 | D:11     | Offered knowledge of Iron Shot by Vehumet.
 26266 | D:10     | Learned a level 6 spell: Iron Shot
 26821 | D:11     | Found an opulent altar of Gozag.
 27053 | D:11     | Reached XP level 14. HP: 87/87 MP: 17/32
 27625 | D:11     | Reached skill level 10 in Fighting
 27658 | D:11     | Found a staircase to the Orcish Mines.
 27807 | Orc:1    | Entered Level 1 of the Orcish Mines
 27807 | Orc:1    | Found Emnusan's Distillery.
 28154 | Orc:1    | Bought a potion of resistance for 110 gold pieces
 28154 | Orc:1    | Bought a potion of brilliance for 44 gold pieces
 28154 | Orc:1    | Bought a potion of might for 44 gold pieces
 28328 | Orc:2    | Entered Level 2 of the Orcish Mines
 28331 | Orc:2    | Reached skill level 1 in Earth Magic
 28432 | Orc:1    | HP: 3/88 [troll[an orc high priest] (15)]
 28432 | Orc:1    | Slain by a troll

Levels and vault maps discovered:
D:1:      mainiacjoe_arrival_reflecting_pool, layout_loops_corners
D:2:      layout_basic, first_ration, grunt_ministairs_10
D:3:      layout_basic, grunt_ministairs_14, uniq_ijyb
D:4:      layout_rooms, lemuel_doored_altar
D:5:      layout_basic, nicolae_dithmenos_the_darkroom, kennysheep_little_box
D:6:      layout_basic, minmay_temple_entry_trees, uniq_eustachio, uniq_edmund
D:7:      layout_basic, minmay_manual_monolith, uniq_prince_ribbit1,
          uniq_duvessa
D:8:      layout_loops_ring, nicolae_overflow_hidden_temple, dpeg_oklobed_lair
D:9:      layout_rooms, good_gods_mini_temple, hangedman_fish_farm
D:10:     layout_roguey, special_room [special_room_orc],
          okawaru_ov_weapons_minmay
D:11:     layout_basic, david_orc_3, grunt_gozag_statues
Temple:   jpeg_temple_clearing
Lair:1:   layout_loops_ring, beast_lair_carwin_10
Lair:2:   statuecave_lemuel, layout_loops_ring, spider_nest_entry_funnel_web,
          minmay_lair_oklob_chamber, serial_bayou_shore_b, grunt_megastairs_3
Lair:3:   layout_misc_corridors, lemuel_fruit_tree, uniq_sonja
Lair:4:   layout_loops_ring, nicolae_swamp_entry_splash_gauntlet, worms_lemuel
Lair:5:   layout_layer_cave, slime_altar_1, chequers_serial_rivers_micro_d, pond
Lair:6:   cheibrodos_lair_end_hotspot, layout_long_grid, fungi_pond_lemuel,
          nicolae_lair_grove_arrangements
Orc:1:    layout_caves, serial_shops, shop
Orc:2:    grunt_orc_community_town_hall, layout_caves,
          grunt_orc_community_big_house_1, grunt_orc_community_big_house_1,
          grunt_orc_community_house_2, grunt_orc_community_house_2,
          grunt_orc_community_house_1, grunt_orc_community_house_3,
          serial_shops, shop

Skill      XL: |  1  2  3  4  5  6  7  8  9 10 11 12 13 14 |
---------------+-------------------------------------------+-----
Conjurations   | 2 3 4 5 6 8 10 | 10.8
Spellcasting   | 4 6 9 11 12 | 12.4
Fire Magic     | 4 5 6 8 10 | 10.8
Evocations     | 2 4 6 8 |  8.0
Dodging        | 4 6 7 8 11 | 11.0
Fighting       | 2 4 6 9 10 | 10.0
Shields        | 2 4 |  4.0
Poison Magic   | 2 3 |  3.0
Air Magic      | 2 3 |  3.0
Charms         | 5 |  5.0
Necromancy     | 5 |  5.0
Earth Magic    | 1 |  1.0
Stealth        | |  2.4

Action                   |  1- 3 |  4- 6 |  7- 9 | 10-12 | 13-15 || total
-------------------------+-------+-------+-------+-------+-------++-------
Melee: Scimitar          |       |       |     5 |     2 |       ||     7
       Dagger            |       |       |       |     7 |       ||     7
       Falchion          |       |       |       |     2 |     3 ||     5
 Cast: Flame Tongue      |    43 |   159 |   243 |   201 |       ||   646
       Conjure Flame     |       |     3 |    10 |    15 |       ||    28
       Sticky Flame      |       |     3 |    23 |    40 |     7 ||    73
       Fireball          |       |       |       |   176 |    54 ||   230
       Iskenderun's Myst |       |       |       |     1 |   214 ||   215
Evoke: Wand              |       |       |     1 |     4 |       ||     5
  Use: Scroll            |       |       |     8 |     3 |     5 ||    16
  Eat: Chunk             |     2 |    12 |    17 |    34 |     9 ||    74
       Ration            |       |       |     1 |     1 |     4 ||     6
Armor: Robe              |     4 |     6 |       |       |       ||    10
       Leather armour    |       |     4 |    22 |    27 |    15 ||    68
Dodge: Dodged            |    13 |    42 |    53 |    91 |    71 ||   270
       Deflected         |       |       |       |     9 |     4 ||    13
Block: Buckler           |       |       |    11 |    36 |    18 ||    65
       Rpst.: Scimitar   |       |       |     2 |       |       ||     2
       Falchion          |       |       |       |     3 |    25 ||    28

Table legend:
 A = Non-vault XP
 B = Vault XP
 C = Vault XP percentage of total XP
 D = Non-vault monster count
 E = Vault monster count
 F = Vault count percentage of total count
                 A         B        C        D         E       F
            +---------+---------+-------+---------+---------+-------
      Total |   47829 |   20248 |  29.7 |     404 |     117 |  22.5
            +---------+---------+-------+---------+---------+-------
        D:1 |      33 |       0 |   0.0 |      19 |       0 |   0.0
        D:2 |     121 |       2 |   1.6 |      11 |       2 |  15.4
        D:3 |     208 |      41 |  16.5 |      32 |       3 |   8.6
        D:4 |     326 |       0 |   0.0 |      23 |       0 |   0.0
        D:5 |     350 |       0 |   0.0 |      14 |       0 |   0.0
        D:6 |     661 |     377 |  36.3 |      18 |       2 |  10.0
        D:7 |     927 |     599 |  39.3 |      18 |       5 |  21.7
        D:8 |    2544 |       0 |   0.0 |      19 |       0 |   0.0
        D:9 |    4075 |     325 |   7.4 |      28 |       1 |   3.4
       D:10 |    3906 |     341 |   8.0 |      43 |      26 |  37.7
       D:11 |    3639 |     391 |   9.7 |      40 |       8 |  16.7
     Lair:1 |    3870 |    1305 |  25.2 |      20 |       9 |  31.0
     Lair:2 |    2699 |    2280 |  45.8 |      14 |       7 |  33.3
     Lair:3 |    1416 |     795 |  36.0 |       8 |       1 |  11.1
     Lair:4 |    3650 |    3806 |  51.0 |      19 |      18 |  48.6
     Lair:5 |    8323 |    1046 |  11.2 |      32 |       6 |  15.8
     Lair:6 |    9412 |    8940 |  48.7 |      25 |      29 |  53.7
      Orc:1 |    1081 |       0 |   0.0 |      20 |       0 |   0.0
      Orc:2 |     588 |       0 |   0.0 |       1 |       0 |   0.0
            +---------+---------+-------+---------+---------+-------
